 Dungeon Crawl Stone Soup version 0.26.0-45-g9c1d065592 (webtiles) character file.

Game seed: 13690047551256409393

164 thiole the Stinger (level 5, -1/31 HPs)
             Began as an Octopode Venom Mage on Jan 27, 2021.
             Slain by an adder (3 damage)
             ... on level 3 of the Dungeon.
             The game lasted 00:02:14 (2768 turns).

thiole the Stinger (Octopode Venom Mage)            Turns: 2768, Time: 00:02:14

Health: -1/31      AC:  1    Str:  7    XL:     5   Next: 45%
Magic:  0/9        EV: 13    Int: 19    God:
Gold:   142        SH:  0    Dex: 12    Spells: 8/9 levels left

rFire    . . .     SeeInvis .   (no weapon)
rCold    . . .     Faith    .   (no shield)
rNeg     . . .     Spirit   .   (helmet restricted)
rPois    .         Reflect  .   (no amulet)
rElec    .         Harm     .   (no ring)
rCorr    .         Rampage  .   (no ring)
Will     .....                  (no ring)
Stlth    ++++......             (no ring)
HPRegen  0.10/turn              (no ring)
MPRegen  0.11/turn              (no ring)
                                (no ring)
                                (no ring)

@: mighty, lethally poisoned (-1 -> -13)
A: almost no armour, stealthy swim, amphibious, 8 rings, constrict 8, camouflage
1, gelatinous body 1
a: no special abilities


You were on level 3 of the Dungeon.
You visited 1 branch of the dungeon, and saw 3 of its levels.

You collected 142 gold pieces.

Inventory:

Scrolls
 a - 2 scrolls of identify {unknown}
 b - a scroll of fear {unknown}
 c - a scroll of fog {unknown}
 d - a scroll of enchant armour {unknown}
 e - a scroll of blinking {unknown}
 f - a scroll of magic mapping {unknown}
 h - 2 scrolls of immolation {unknown}
 k - a scroll of enchant weapon {unknown}
 l - a scroll of random uselessness {unknown}
Potions
 i - a potion of attraction {unknown}
 j - a potion of heal wounds {unknown}


   Skills:
 - Level 2.0 Dodging
 + Level 3.9 Stealth
 + Level 2.6 Spellcasting
 * Level 3.0 Transmutations
 * Level 5.1 Poison Magic


You had 8 spell levels left.
You knew the following spells:

 Your Spells              Type           Power        Failure   Level
a - Sting                 Tmut/Pois      72%          3%          1

Your spell library contained the following spells:

 Spells                   Type           Power        Failure   Level
 Poisonous Vapours        Pois/Air       24%          9%          2
 Ignite Poison            Fire/Tmut/Pois 12%          16%         3
 Olgreb's Toxic Radiance  Pois           22%          19%         4
 Mephitic Cloud           Conj/Pois/Air  9%           24%         3


Dungeon Overview and Level Annotations

Branches:
Dungeon (3/15)

Altars:
Elyvilon


Innate Abilities, Weirdness & Mutations

You cannot wear most types of armour.
You are very stealthy in the water. (Stealth+)
You are amphibious.
You can wear up to eight rings at the same time.
You can use your tentacles to constrict eight enemies at once.
Your skin changes colour to match your surroundings (Stealth+).
Your rubbery body absorbs attacks. (AC +1, EV +1)


Message History

* * * LOW HITPOINT WARNING * * *
You are lethally poisoned!
The adder poisons you! The adder bites you.
* * * LOW HITPOINT WARNING * * *
Casting: Sting (safe; 3% risk of failure)
Confirm with . or Enter, or press ? or * to list all spells.
Aiming: Sting (safe; 3% risk of failure)
Press: ? - help, Shift-Dir - straight line, f/p - adder
Aim: an adder (heavily wounded, constricted by you, 9% to evade)
The sting hits the adder.
The adder is poisoned.
The adder is severely wounded.
You constrict the adder.
* * * LOW HITPOINT WARNING * * *
You feel sick. The adder closely misses you.
It was a potion of might.
You feel very mighty all of a sudden.
You constrict the adder.
* * * LOW HITPOINT WARNING * * *
You feel sick. The adder bites you.
You die...

.....# ....# . ...#
..###♣♣♣♣♣♣..#
....≈≈≈≈♣≈P≈.# #
....♣≈≈≈≈≈≈P≈♣♣♣### #
#.≈≈≈≈≈≈≈≈≈PP♣≈≈# # #
#.♣≈≈SP≈≈≈≈≈≈≈≈≈P♣##.##
♣≈≈≈†@≈≈P≈≈≈≈P≈≈P♣....
♣.P..≈≈PP≈≈P≈≈P≈♣.....
...≈..≈..≈...≈≈♣♣≈###.##
................### #.##
≈PP≈...≈........# #.##
P♣♣≈P≈≈≈≈≈.≈....# #.##
≈♣≈≈≈≈≈≈≈≈≈♣..# #.##
##♣♣≈≈≈PP≈≈♣#.## #.##
♣♣♣♣♣♣##.######.##


You could see an adder (poisoned).

Vanquished Creatures
  Natasha (thrice) (D:2)
  3 adders
  An ooze (D:1)
  3 dart slugs
  2 leopard geckos (D:2)
  7 bats
  5 giant cockroaches
  7 hobgoblins
  5 jackals
  A quokka (D:2)
  2 frilled lizards
  2 goblins (D:1)
  6 kobolds
  7 rats
54 creatures vanquished.

Vanquished Creatures (others)
  3 plants (D:3)
3 creatures vanquished.

Grand Total: 57 creatures vanquished

Notes
Turn   | Place    | Note
-------+----------+-------------------------------------------
     0 | D:1      | thiole the Octopode Venom Mage began the quest for the Orb.
     0 | D:1      | Reached XP level 1. HP: 11/11 MP: 3/3
   284 | D:1      | Reached XP level 2. HP: 17/17 MP: 3/5
   510 | D:1      | Reached skill level 4 in Poison Magic
   918 | D:1      | Reached XP level 3. HP: 21/21 MP: 4/6
  1341 | D:2      | Noticed Natasha
  1359 | D:2      | Killed Natasha
  1360 | D:2      | Reached XP level 4. HP: 5/27 MP: 0/7
  1360 | D:2      | HP: 1/27 [kobold (4)]
  1633 | D:2      | Noticed Natasha
  1655 | D:2      | Killed Natasha
  1809 | D:2      | Noticed Natasha
  1816 | D:2      | Killed Natasha
  1817 | D:2      | Reached XP level 5. HP: 22/31 MP: 2/8
  2111 | D:2      | Found a white marble altar of Elyvilon.
  2413 | D:2      | Reached skill level 5 in Poison Magic
  2768 | D:3      | Slain by an adder

Illustrated notes

Levels and vault maps discovered:
D:1:      lightli_arrival_lavapool, layout_loops_ring
D:2:      wander_river, layout_basic, elyvilon_altar_3, uniq_natasha
D:3:      layout_basic, gammafunk_temple_overflow_claw, gammafunk_ghost_split,
          serial_bayou_ford_a, minmay_crystal_water

Skill      XL: |  1  2  3  4  5 |
---------------+----------------+-----
Poison Magic   | 4 5 |  5.1
Stealth        | 3 |  3.9
Transmutations | 2 3 |  3.0
Dodging        | |  2.0
Spellcasting   | |  2.6

Action                   |  1- 3 |  4- 6 || total
-------------------------+-------+-------++-------
Melee: Unarmed           |    19 |    18 ||    37
       Constrict         |     8 |     6 ||    14
       Tentacles         |     2 |     2 ||     4
 Cast: Sting             |    48 |    59 ||   107
  Use: Potion            |       |     1 ||     1
Armor: Skin              |     5 |     2 ||     7
Dodge: Dodged            |    17 |    34 ||    51
